 Seeded DCSS version 0.30-a0-187-gd9c2deaf24 (webtiles) character file.

Game seed: 9095365819192982192 (custom seed)

68 Nerdsrcool the Chopper (level 4, 0/41 HPs)
             Began as a Hill Orc Berserker on Oct 3, 2022.
             Was a Follower of Trog.
             Slain by a ball python (2 damage)
             ... on level 2 of the Dungeon.
             The game lasted 00:07:47 (1638 turns).

Nerdsrcool the Chopper (Hill Orc Berserker)         Turns: 1638, Time: 00:07:50

Health: 0/41       AC:  2    Str: 21    XL:     4   Next: 19%
Magic:  4/4        EV: 12    Int:  7    God:    Trog [*.....]
Gold:   88         SH:  0    Dex: 16    Spells: 3/3 levels left

rFire   . . .      SeeInvis .    a - +0 hand axe
rCold   . . .      Faith    .    (no shield)
rNeg    . . .      Spirit   .    b - +0 animal skin
rPois   .          Reflect  .    (no helmet)
rElec   .          Harm     .    (no cloak)
rCorr   .          Rampage  .    (no gloves)
Will    .....                    (no boots)
Stlth   ++........               (no amulet)
HPRegen 0.26/turn                g - +6 ring of dexterity
MPRegen 0.09/turn                (no ring)

@: on berserk cooldown, slowed, very slow
A: no striking features
a: Renounce Religion, Berserk


You were on level 2 of the Dungeon.
You worshipped Trog.
Trog was aware of your devotion.
You visited 1 branch of the dungeon, and saw 2 of its levels.

You collected 88 gold pieces.

Inventory:

Hand Weapons
 a - a +0 hand axe (weapon)
 h - a +0 dagger
Missiles
 c - 22 stones (quivered)
Armour
 b - a +0 animal skin (worn)
Jewellery
 g - a +6 ring of dexterity (left hand)
Scrolls
 e - a scroll of enchant weapon {unknown}
 f - a scroll of immolation {unknown}
 j - a scroll of identify {unknown}
Potions
 d - a potion of haste {unknown}
 i - a potion of attraction {unknown}


   Skills:
 + Level 4.6 Fighting
 + Level 5.0 Axes
 + Level 2.3 Armour
 + Level 2.0 Dodging
 + Level 0.3 Stealth


You had 3 spell levels left.
You didn't know any spells.
Your spell library contained the following spells:

 Spells                   Type           Power      Damage    Failure   Level
 Sting                    Tmut/Pois      0%         1d3       43%         1
 Poisonous Vapours        Pois/Air       0%         N/A       56%         2
 Dazzling Flash           Conj/Hex       0%         N/A       80%         3
 Olgreb's Toxic Radiance  Pois           0%         N/A       99%         4
 Agony                    Necr           0%         N/A       100%        5
 Silence                  Hex/Air        0%         N/A       100%        5


Dungeon Overview and Level Annotations

Branches:
Dungeon (2/15)

Altars:
Qazlal

Annotations:
D:2 Natasha


Message History

Natasha stares at you and mumbles some strange words.
You resist with some effort.
The shadow imp hits you but does no damage.
You hit Natasha. You punch Natasha.
Natasha is severely wounded.
You hit the shadow imp. Natasha barely misses you.
The white imp shouts, "Return whence thou came, thou currish tip-merry guttersnipe!"
The shadow imp barely misses you. Natasha closely misses you.
The shadow imp hits you.
You closely miss Natasha.
Natasha is heavily wounded.
You barely miss the shadow imp. Natasha closely misses you.
The shadow imp hits you but does no damage.
Natasha claws you.
You barely miss Natasha.
Natasha is heavily wounded.
You barely miss the shadow imp.
The white imp lashes its tail.
The shadow imp barely misses you. Natasha claws you.
The shadow imp gestures at you. Pain shoots through your body!
You completely miss Natasha.
Natasha is heavily wounded.
You hit the shadow imp. Natasha misses you. The shadow imp hits you.
Natasha claws you. The shadow imp closely misses you.
Unknown command.
You closely miss Natasha.
Natasha is heavily wounded.
You hit the shadow imp. Natasha claws you!
* * * LOW HITPOINT WARNING * * *
The shadow imp completely misses you.
You're still recovering from your berserk rage.
You closely miss Natasha.
Natasha is heavily wounded.
You hit the shadow imp.
The shadow imp disappears in a puff of smoke!
Natasha claws you!
* * * LOW HITPOINT WARNING * * *
Natasha misses you. The ball python bites you.
You die...

..##.....###
........†..#
#.#..._..#.#
#.##.....#.##########
#.##........†.......#
#.###.....######.##.#
#.######### #.# ...##
#S# ....# #@# ...##
#h# #.## #5# ### #S#
# #.. # #.# # #.. #
### #


You could see Natasha, an adder, a white imp (summoned) and a ball python.

Vanquished Creatures
  Natasha (D:2)
  2 adders (D:2)
  A dart slug (D:1)
  2 bats
  2 endoplasms (D:2)
  3 hobgoblins
  2 kobolds
  4 quokkas
  2 ball pythons (D:1)
  2 frilled lizards
  A goblin (D:1)
  3 rats
25 creatures vanquished.

Notes
Turn   | Place    | Note
-------+----------+-------------------------------------------
     0 | D:1      | Nerdsrcool the Hill Orc Berserker began the quest for the
                  | Orb.
     0 | D:1      | Reached XP level 1. HP: 19/19 MP: 1/1
   362 | D:1      | Reached XP level 2. HP: 22/27 MP: 2/2
   610 | D:1      | Found a faded altar of an unknown god.
   986 | D:2      | Reached XP level 3. HP: 13/34 MP: 3/3
  1155 | D:2      | Noticed Natasha
  1166 | D:2      | Killed Natasha
  1203 | D:2      | Reached skill level 5 in Axes
  1332 | D:2      | Found a stormy altar of Qazlal.
  1384 | D:2      | Reached XP level 4. HP: 41/41 MP: 4/4
  1622 | D:2      | Noticed Natasha
  1638 | D:2      | HP: 2/41 [Natasha (7)]
  1638 | D:2      | Slain by a ball python

Illustrated notes

Levels and vault maps discovered:
D:1:      tarquinn_simple_flora_water_e, layout_basic, basic_ecumenical_altar,
          minmay_tree_intersection, skrybe_limestone_x
D:2:      layout_loops_ring, basic_altar, uniq_natasha

Skill      XL: |  1  2  3  4 |
---------------+-------------+-----
Fighting       | 4 |  4.6
Axes           | 5 |  5.0
Dodging        | 2 |  2.0
Armour         | |  2.3
Stealth        | |  0.3

Action                   |  1- 3 |  4- 6 || total
-------------------------+-------+-------++-------
Melee: Hand axe          |    67 |    22 ||    89
       Punch             |     1 |     1 ||     2
Invok: Berserk           |     1 |     1 ||     2
Armor: Animal skin       |     8 |     4 ||    12
Dodge: Dodged            |    35 |    21 ||    56

Table legend: (Time is in decaauts)
 A = Elapsed time spent in this place.
 B = Non-inter-level travel time spent in this place.
 C = Inter-level travel time spent in this place.
 D = Time resting spent in this place.
 E = Time spent auto-exploring this place.
 F = Levels seen in this place.
 G = Mean time per level.
                   A        B        C        D        E       F      G
               +--------+--------+--------+--------+--------+-----+--------+
         Total |   1656 |   1594 |     62 |    258 |   1024 |   2 |  828.0 |
       Dungeon |   1656 |   1594 |     62 |    258 |   1024 |   2 |  828.0 |
               +--------+--------+--------+--------+--------+-----+--------+

Top non-repeatable levels by time:
     D:1: 957 daAuts
     D:2: 698 daAuts
